 Dungeon Crawl Stone Soup version 0.31-a0-844-gdc52ec4e09 (webtiles) character file.

Game seed: 9977055688203881862

3940 caelrath the Blocker (level 10, -7/76 HPs)
             Began as a Djinni Fire Elementalist on Sept 30, 2023.
             Was a Believer of Makhleb.
             Mangled by a death yak (23 damage)
             ... on level 9 of the Dungeon.
             The game lasted 00:25:25 (7002 turns).

caelrath the Blocker (Djinni Fire Elementalist)     Turns: 7002, Time: 00:25:26

Health: -7/76      AC:  7    Str:  7    XL:     10   Next: 44%
Gold:   574        EV: 14    Int: 21    God:    Makhleb [**....] SH:  8 Dex: 14

rFire   + + .        (no weapon)
rCold   x . .        x - +2 buckler
rNeg    . . .        a - +1 robe
rPois   ∞            (no helmet)
rElec   .            k - +1 cloak
rCorr   .            n - +1 pair of gloves "Surroqef" {Rampage rPois Will++}
SInv    .            (boots unavailable)
Will    ++++.        l - amulet of regeneration
Stlth   ++           o - ring of wizardry
HPRegen 1.12/turn    t - ring of willpower
MPRegen 0.00/turn

%: rampage, wizardry (x1), infuse magic (-8 HP)
@: about to teleport, flying
A: sickness immunity, fire resistance 2, cold vulnerability 1, float, innate
caster, HP casting, extra vitality 1
a: Renounce Religion, Minor Destruction


You were on level 9 of the Dungeon.
You worshipped Makhleb.
Makhleb was pleased with you.
You visited 2 branches of the dungeon, and saw 10 of its levels.

You collected 574 gold pieces.

Inventory:

Missiles
 v - a throwing net
Armour
 a - a +1 robe (worn)
 k - a +1 cloak (worn)
 n - the +1 pair of gloves "Surroqef" (worn) {Rampage rPois Will++}
   (You found it on level 4 of the Dungeon)

   rPois:     It protects you from poison Will++: It greatly increases your
   willpower.
   Rampage:   It bestows one free step when moving towards enemies.
 x - a +2 buckler (worn)
Magical Staves
 q - a staff of air
 D - a staff of death
Jewellery
 l - an amulet of regeneration (around neck)
 o - a ring of wizardry (left hand)
 t - a ring of willpower (right hand)
 y - an amulet of faith
 z - a ring of wizardry
Wands
 j - a wand of quicksilver (10)
 p - a wand of charming (9)
Scrolls
 b - a scroll of amnesia
 r - 3 scrolls of fear
 w - a scroll of immolation
 A - a scroll of poison
Potions
 c - 3 potions of heal wounds
 d - 3 potions of lignification {unknown}
 e - 6 potions of curing {unknown}
 g - a potion of haste
 h - 2 potions of mutation {unknown}
 i - 2 potions of invisibility {unknown}
 m - a potion of brilliance {unknown}
 s - a potion of attraction {unknown}
 u - a potion of cancellation {unknown}
 B - a potion of enlightenment {unknown}
 C - a potion of degeneration {unknown}


   Skills:
 - Level 8.0 Fighting
 - Level 6.0 Dodging
 - Level 1.5 Stealth
 * Level 8.3 Shields
 - Level 6.0 Spellcasting
 - Level 6.0 Conjurations
 - Level 6.0 Hexes
 - Level 6.0 Summonings
 - Level 6.0 Necromancy
 - Level 6.0 Translocations
 - Level 6.0 Transmutations
 - Level 6.0 Fire Magic
 - Level 6.0 Ice Magic
 - Level 6.0 Air Magic
 - Level 6.0 Earth Magic
 - Level 6.0 Poison Magic


You knew the following spells:

 Your Spells              Type           Power      Damage    Failure   Level
a - Foxfire               Conj/Fire      100%       2x1d9     1%          1
b - Wereblood             Tmut           31%        N/A       1%          2
c - Volatile Blastmotes   Fire/Tloc      62%        2d15      1%          3
d - Inner Flame           Hex/Fire       31%        N/A       1%          3
e - Summon Ice Beast      Ice/Summ       31%        N/A       4%          4
f - Apportation           Tloc           62%        N/A       1%          1
g - Dazzling Flash        Conj/Hex       62%        N/A       1%          3
x - Scorch                Fire           62%        2d7       1%          2
z - Flame Wave            Conj/Fire      31%        2d9       4%          4
Your spell library was empty.

Dungeon Overview and Level Annotations

Branches:
Dungeon (9/15)             Temple (1/1) D:6            Lair (0/5) D:9
    Orc: D:9-12

Altars:
Ashenzari
Cheibriados
Dithmenos
Elyvilon
Fedhas
Gozag
Hepliaklqana
Makhleb
Nemelex Xobeh
Okawaru
Qazlal
Ru
Trog
Uskayaw
Wu Jian
Xom
Zin

Annotations:
D:6 3 runed translucent doors, Opifex's ghost, novice MfSh


Innate Abilities, Weirdness & Mutations

You are immune to sickness and miasma.
You are immune to poison.
Your flesh is very heat resistant. (rF++)
You are vulnerable to cold. (rC-)
You float through the air rather than walking.
You learn spells naturally, not from books.
Your magical power is your life essence.
You have superior vitality. (+4 MHP)


Message History

You conjure some foxfire!
The foxfire hits the death yak!
The death yak is severely wounded.
Your attack snaps the death yak out of its fear.
The foxfire hits the death yak.
The death yak is lightly wounded.
Your attack snaps the death yak out of its fear.
You conjure some foxfire!
The foxfire hits the death yak.
The death yak is severely wounded.
The foxfire hits the death yak.
The death yak is moderately wounded.
You conjure some foxfire!
The foxfire hits the death yak but does no damage.
The death yak is severely wounded.
The foxfire hits the death yak.
The death yak is severely wounded.
The death yak gores you!!
* * * LOW HITPOINT WARNING * * *
You are too injured to fight recklessly!
You are too injured to fight recklessly!
You are too injured to fight recklessly!
Casting: Foxfire (safe; 1% risk of failure)
Confirm with . or Enter, or press ? or * to list all spells.
Flames lash the death yak.
The death yak is almost dead.
The death yak's fire resistance burns away.
* * * LOW HITPOINT WARNING * * *
The foxfire hits the death yak.
The death yak is almost dead.
The foxfire hits the death yak!
The death yak is burned terribly!
The death yak is almost dead.
The death yak gores you!
* * * LOW HITPOINT WARNING * * *
You feel much better. The death yak gores you! The death yak gores you!!
* * * LOW HITPOINT WARNING * * *
You feel much better. The death yak barely misses you. The death yak gores you!
As you read the scroll of teleportation, it crumbles to dust.
You feel strangely unstable. The death yak gores you!
* * * LOW HITPOINT WARNING * * *
The death yak gores you!!
You die...

..###### # #..# #......D....#
#..<...###..###.####....Y..Y...Y.
.......).........................
###....#...####.##..#............
# #######..........##..$.........
# ##..>###...........#####..!
##### #.)# ##......###). .....
....###.####....Y...Y... .......
###.##.).......Y@.....#..........
###..).)............>## .........
..#...............#### ###...#..
...............#### ####...
...##........### .§.##.......##
....#......## ...........#
#.........##


You could see 3 death yaks.

Vanquished Creatures
  A hornet (D:8)
  Prince Ribbit (D:8)
  Sigmund (D:6)
  An acid dragon (D:9)
  2 black bears
  4 orc warriors
  A sky beast (D:8)
  An ogre (D:4)
  2 centaurs
  A phantom (D:7)
  2 bullfrogs
  2 kobold brigands (D:8)
  2 scorpions
  11 wights
  3 howler monkeys (D:7)
  2 jellies
  3 hounds
  3 gnoll boudas
  6 orc priests
  Crazy Yiuf (D:3)
  A sleepcap (D:5)
  Terence (D:2)
  3 iguanas
  8 orc wizards
  26 gnolls
  5 adders
  A shadow imp (D:4)
  3 white imps
  3 ufetubi
  3 worms
  2 dart slugs (D:1)
  29 orcs
  3 ball pythons
  4 endoplasms
  5 giant cockroaches
  17 goblins
  16 hobgoblins
  5 quokkas
  4 bats
  6 frilled lizards
  16 kobolds
  4 rats
215 creatures vanquished.

Vanquished Creatures (others)
  825 foxfires
825 creatures vanquished.

Grand Total: 1040 creatures vanquished

Notes
Turn   | Place    | Note
-------+----------+-------------------------------------------
     0 | D:1      | caelrath the Djinni Fire Elementalist began the quest for
                  | the Orb.
     0 | D:1      | caelrath set off with the following spells memorised:
                  | Foxfire, Scorch, Volatile Blastmotes, Inner Flame, Flame
                  | Wave.
     0 | D:1      | Reached XP level 1. HP: 15/15 MP: 0/0
     2 | D:1      | Noticed a tengu
     2 | D:1      | Noticed an octopode
     4 | D:1      | Noticed a naga
     4 | D:1      | Noticed an ogre
     6 | D:1      | Noticed a demonspawn
     6 | D:1      | Noticed a merfolk
     8 | D:1      | Noticed a human
     8 | D:1      | Noticed an elf
    10 | D:1      | Noticed a draconian
    12 | D:1      | Noticed a demigod
    14 | D:1      | Noticed a gargoyle
    14 | D:1      | Noticed a minotaur
    16 | D:1      | Noticed a vine stalker
    16 | D:1      | Noticed a formicid
    18 | D:1      | Noticed a spriggan
    18 | D:1      | Noticed a troll
    20 | D:1      | Noticed an armataur
    20 | D:1      | Noticed a ghoul
    22 | D:1      | Noticed a meteoran
    22 | D:1      | Noticed a vampire
    24 | D:1      | Noticed a minotaur
    26 | D:1      | Noticed a felid
    26 | D:1      | Noticed a tengu
   232 | D:1      | Reached XP level 2. HP: 21/21 MP: 0/0
   553 | D:1      | Reached XP level 3. HP: 23/25 MP: 0/0
   553 | D:1      | Learned a level 1 spell: Apportation
  1276 | D:2      | Reached XP level 4. HP: 29/31 MP: 0/0
  1611 | D:2      | Noticed Terence
  1616 | D:2      | Killed Terence
  1617 | D:2      | Reached XP level 5. HP: 23/35 MP: 0/0
  1617 | D:2      | Learned a level 2 spell: Wereblood
  2381 | D:3      | Identified the +4 short sword of Foelatymov {freeze, rC+
                  | rN+ Dex+2}
  2443 | D:3      | Found an iron altar of Okawaru.
  2486 | D:3      | Reached skill level 5 in Spellcasting
  2486 | D:3      | Reached skill level 5 in Conjurations
  2486 | D:3      | Reached skill level 5 in Hexes
  2486 | D:3      | Reached skill level 5 in Summonings
  2486 | D:3      | Reached skill level 5 in Necromancy
  2486 | D:3      | Reached skill level 5 in Translocations
  2486 | D:3      | Reached skill level 5 in Transmutations
  2486 | D:3      | Reached skill level 5 in Fire Magic
  2486 | D:3      | Reached skill level 5 in Ice Magic
  2486 | D:3      | Reached skill level 5 in Air Magic
  2486 | D:3      | Reached skill level 5 in Earth Magic
  2486 | D:3      | Reached skill level 5 in Poison Magic
  2486 | D:3      | Reached XP level 6. HP: 5/40 MP: 0/0
  2932 | D:3      | Found a runed translucent door.
  2933 | D:3      | Noticed Crazy Yiuf
  2938 | D:3      | Killed Crazy Yiuf
  3008 | D:4      | Noticed an ogre
  3012 | D:4      | Killed an ogre
  3165 | D:4      | Identified the +1 pair of gloves "Surroqef" {Rampage rPois
                  | Will++}
  3466 | D:4      | Reached XP level 7. HP: 45/45 MP: 0/0
  3466 | D:4      | Learned a level 3 spell: Dazzling Flash
  3648 | D:5      | Entered Level 5 of the Dungeon
  3680 | D:5      | Reached skill level 1 in Fighting
  4141 | D:5      | Reached XP level 8. HP: 52/58 MP: 0/0
  4320 | D:6      | Noticed Sigmund
  4387 | D:6      | Reached skill level 5 in Fighting
  4414 | D:6      | Killed Sigmund
  4420 | D:6      | Noticed Opifex's ghost (novice MfSh)
  4423 | D:6      | Noticed a boulder beetle
  4446 | D:6      | Found a runed translucent gate.
  4447 | D:6      | Found a runed translucent gate.
  4454 | D:6      | Found a runed translucent gate.
  4554 | D:6      | Found a staircase to the Ecumenical Temple.
  4568 | Temple   | Entered the Ecumenical Temple
  4578 | Temple   | Became a worshipper of Makhleb the Destroyer
  5195 | D:7      | Reached XP level 9. HP: 68/68 MP: 0/0
  5195 | D:7      | Learned a level 4 spell: Summon Ice Beast
  5241 | D:7      | Reached skill level 5 in Dodging
  5273 | D:7      | Reached * piety under Makhleb
  5858 | D:8      | Reached skill level 1 in Shields
  5892 | D:8      | Noticed a hornet
  5901 | D:8      | Killed a hornet
  6029 | D:8      | Reached skill level 5 in Shields
  6029 | D:8      | Reached XP level 10. HP: 47/76 MP: 0/0
  6030 | D:8      | Noticed Prince Ribbit
  6031 | D:8      | Reached ** piety under Makhleb
  6035 | D:8      | Killed Prince Ribbit
  6811 | D:9      | Noticed a death yak
  6817 | D:9      | Noticed a death yak
  6823 | D:9      | Noticed a death yak
  6828 | D:9      | Found a staircase to the Lair.
  6828 | D:9      | Noticed a death yak
  6828 | D:9      | Noticed a death yak
  6828 | D:9      | Noticed a death yak
  6828 | D:9      | Noticed a two-headed ogre
  7002 | D:9      | Mangled by a death yak

Illustrated notes

Levels and vault maps discovered:
D:1:      kb_arrival_jail, layout_basic
D:2:      cheibrodos_greedy_goblins, layout_loops_cross, uniq_terence
D:3:      layout_loops_ring, mainiacjoe_overflow_six_doors_small,
          kennysheep_potato, uniq_crazy_yiuf_cottage
D:4:      layout_basic, serial_glass, glass_columns_a, glass_columns_a,
          kennysheep_small_circle
D:5:      layout_gridville, hangedman_decor_riveting
D:6:      layout_rooms, minmay_temple_entry_mini_moons, gammafunk_ghost_split,
          uniq_sigmund
D:7:      layout_basic, grunt_ministairs_15, kennysheep_doodads,
          minmay_misc_feat_enclosed
D:8:      layout_loops_ring, minmay_misc_feat_iff, uniq_prince_ribbit1
D:9:      layout_rooms, dpeg_lair_monsters, david_orc_1_choice,
          minmay_misc_feat_doors
Temple:   nicolae_temple_bog_church

Skill      XL: |  1  2  3  4  5  6  7  8  9 10 |
---------------+-------------------------------+-----
Spellcasting   | 4 5 6 |  6.0
Conjurations   | 4 5 6 |  6.0
Hexes          | 4 5 6 |  6.0
Summonings     | 4 5 6 |  6.0
Necromancy     | 4 5 6 |  6.0
Translocations | 4 5 6 |  6.0
Transmutations | 4 5 6 |  6.0
Fire Magic     | 4 5 6 |  6.0
Ice Magic      | 4 5 6 |  6.0
Air Magic      | 4 5 6 |  6.0
Earth Magic    | 4 5 6 |  6.0
Poison Magic   | 4 5 6 |  6.0
Fighting       | 4 7 8 |  8.0
Dodging        | 3 6 |  6.0
Shields        | 5 8 |  8.3
Stealth        | |  1.5

Action                     |  1- 3 |  4- 6 |  7- 9 | 10-12 || total
---------------------------+-------+-------+-------+-------++-------
  Melee: Unarmed           |    17 |     1 |       |       ||    18
         Punch             |     2 |       |       |       ||     2
   Cast: Foxfire           |    89 |   110 |   237 |   115 ||   551
         Scorch            |     1 |    32 |    14 |     6 ||    53
         Flame Wave        |       |       |    12 |     9 ||    21
    Use: Scroll            |     2 |     5 |     6 |     4 ||    17
         Potion            |       |       |       |     4 ||     4
 Armour: Robe              |    14 |    13 |    26 |    32 ||    85
  Dodge: Dodged            |    21 |    16 |    32 |    24 ||    93
  Block: Buckler           |       |       |     5 |    11 ||    16

Table legend: (Time is in decaauts)
 A = Elapsed time spent in this place.
 B = Non-inter-level travel time spent in this place.
 C = Inter-level travel time spent in this place.
 D = Time resting spent in this place.
 E = Time spent auto-exploring this place.
 F = Levels seen in this place.
 G = Mean time per level.
                   A        B        C        D        E       F      G
               +--------+--------+--------+--------+--------+-----+--------+
         Total |   6982 |   6784 |    198 |    738 |   4746 |  10 |  698.2 |
       Dungeon |   6961 |   6781 |    180 |    738 |   4746 |   9 |  773.4 |
        Temple |     20 |      2 |     18 |      0 |      0 |   1 |   20.0 |
               +--------+--------+--------+--------+--------+-----+--------+

Top non-repeatable levels by time:
     D:3: 1031 daAuts
     D:7: 1012 daAuts
     D:2: 985 daAuts
     D:1: 964 daAuts
     D:8: 839 daAuts
     D:5: 709 daAuts
     D:4: 665 daAuts
     D:6: 445 daAuts
     D:9: 307 daAuts
  Temple: 20 daAuts
